 Dungeon Crawl Stone Soup version 0.21-a0-450-gd87a9b27c2 (webtiles) character file.

35 LarsimusPrime the Chopper (level 3, -1/34 HPs)
             Began as a Hill Orc Monk on Nov 19, 2017.
             Was a Believer of Beogh.
             Slain by an iguana (4 damage)
             ... on level 3 of the Dungeon.
             The game lasted 00:05:36 (1993 turns).

LarsimusPrime the Chopper (Hill Orc Monk)           Turns: 1993, Time: 00:05:37

Health: -1/34      AC:  3    Str: 14    XL:     3   Next: 35%
Magic:  3/3        EV: 10    Int: 10    God:    Beogh [**....]
Gold:   113        SH:  7    Dex: 13    Spells: 2/2 levels left

rFire    . . .     SeeInvis .   a - +0 hand axe
rCold    . . .     Gourm    .   i - +0 shield
rNeg     + . .     Faith    .   b - +0 robe
rPois    .         Spirit   .   (no helmet)
rElec    .         Reflect  .   (no cloak)
rCorr    .         Harm     .   e - +0 pair of gloves
MR       .....                  (no boots)
Stlth    ++........             (no amulet)
HPRegen  0.11/turn              h - ring of positive energy
MPRegen  0.08/turn              (no ring)

@: no status effects
A: no striking features
a: Smiting, Renounce Religion


You were on level 3 of the Dungeon.
You worshipped Beogh.
Beogh was pleased with you.
You were very hungry.

You visited 1 branch of the dungeon, and saw 3 of its levels.

You collected 113 gold pieces.

Inventory:

Hand Weapons
 a - a +0 hand axe (weapon)
Armour
 b - a +0 robe (worn)
 e - a +0 pair of gloves (worn)
 g - a +0 pair of gloves
 i - a +0 shield (worn)
Jewellery
 h - a ring of positive energy (left hand)
 n - an uncursed ring of see invisible {unknown}
 o - an uncursed amulet of the gourmand {unknown}
Scrolls
 j - 2 scrolls of teleportation {unknown}
 k - 2 scrolls of identify {unknown}
 q - a scroll of enchant weapon {unknown}
 s - 3 scrolls of amnesia {unknown}
Potions
 d - a potion of brilliance {unknown}
 f - a potion of magic {unknown}
 m - a potion of mutation {unknown}
 p - 3 potions of agility {unknown}
 r - a potion of berserk rage {unknown}
Comestibles
 c - a bread ration
 l - a meat ration


   Skills:
 + Level 4.3 Fighting
 + Level 4.9 Axes
 - Level 2.4 Dodging
 - Level 1.5 Stealth
 * Level 1.0 Shields


You had 2 spell levels left.
You didn't know any spells.

Dungeon Overview and Level Annotations

Branches:
Dungeon (3/15)

Altars:
Ashenzari
Okawaru


Message History

* * * LOW HITPOINT WARNING * * *
You barely miss the iguana.
The iguana is heavily wounded.
The iguana closely misses you.
You hit the iguana.
The iguana is heavily wounded.
You hit the worm but do no damage. The iguana bites you.
* * * LOW HITPOINT WARNING * * *
You block the worm's attack.
You closely miss the iguana.
The iguana is heavily wounded.
Your shield prevents you from hitting the worm.
The iguana barely misses you.
You barely miss the iguana.
The iguana is heavily wounded.
You hit the worm. The iguana barely misses you. You block the worm's attack.
You hit the iguana.
The iguana is severely wounded.
You hit the worm but do no damage. The iguana bites you.
You die...

.......#.+##...###
#####........###
.####.#.# #.#.###
####.#...#
.........#
####.#...#######.#
#..............#
#....[..@l.....#
#o.....w..##.#.#
#.......###
#........
#........#
..........#
##.....#### ##.###


You could see a worm, an iguana and a neutral orc (wandering).

Vanquished Creatures
  An ooze (D:3)
  A leopard gecko (D:2)
  A giant cockroach (D:1)
  2 goblins
  3 hobgoblins
  4 bats
  3 frilled lizards
  9 kobolds
  4 rats
28 creatures vanquished.

Vanquished Creatures (others)
  2 orcs (D:3)
2 creatures vanquished.

Grand Total: 30 creatures vanquished

Notes
Turn   | Place    | Note
-------+----------+-------------------------------------------
     0 | D:1      | LarsimusPrime the Hill Orc Monk began the quest for the Orb.
     0 | D:1      | Reached XP level 1. HP: 19/19 MP: 1/1
   315 | D:1      | Reached XP level 2. HP: 6/27 MP: 2/2
   964 | D:2      | Found an iron altar of Okawaru.
  1447 | D:2      | Reached XP level 3. HP: 27/33 MP: 3/3
  1938 | D:3      | Became a worshipper of Beogh the Brigand
  1938 | D:3      | Reached * piety under Beogh
  1938 | D:3      | Reached ** piety under Beogh
  1947 | D:3      | Found a shattered altar of Ashenzari.
  1955 | D:3      | Reached skill level 1 in Shields
  1993 | D:3      | Slain by an iguana

Vault maps used:
D:1:      dpeg_arrival_boxorama
D:2:      grunt_ministairs_14, minmay_misc_feat_doors, okawaru_trees_2
D:3:      evilmike_ruin_ashenzari, lightli_temple_of_fire, grunt_gozag_statues

Skill      XL: |  1  2  3 |
---------------+----------+-----
Fighting       | 4 |  4.3
Shields        | 1 |  1.0
Axes           | |  4.9
Dodging        | |  2.4
Stealth        | |  1.5

Action                   || total
-------------------------++-------
Melee: Hand axe          ||    94
Invok: Convert to Beogh  ||     1
 Stab: Sleeping          ||     3
  Eat: Chunk             ||     2
Armor: Robe              ||    13
Dodge: Dodged            ||    45
Block: Shield            ||    32

Table legend:
 A = Spawn XP
 B = Non-spawn XP
 C = Spawn XP percentage of total XP
 D = Spawn monster count
 E = Non-spawn monster count
 F = Spawn count percentage of total count
 G = Total turns spent on level
                    A         B        C        D         E        F      G
               +---------+---------+-------+---------+---------+-------+---------
         Total |       0 |      51 |   0.0 |       0 |      28 |   0.0 |  1993
               +---------+---------+-------+---------+---------+-------+---------
           D:1 |       0 |      21 |   0.0 |       0 |      14 |   0.0 |   946
           D:2 |       0 |      19 |   0.0 |       0 |      11 |   0.0 |   894
           D:3 |       0 |      11 |   0.0 |       0 |       3 |   0.0 |   153
               +---------+---------+-------+---------+---------+-------+---------
